 Dungeon Crawl Stone Soup version 0.28-a0-199-g298df9dbad (webtiles) character file.

Game seed: 11928508865829213527

5 ZenoRockbell the Chopper (level 1, -2/20 HPs)
             Began as a Hill Orc Monk on Aug 19, 2021.
             Frozen to death by an endoplasm (4 damage)
             ... on level 1 of the Dungeon.
             The game lasted 00:01:23 (159 turns).

ZenoRockbell the Chopper (Hill Orc Monk)             Turns: 159, Time: 00:01:23

Health: -2/20      AC:  2    Str: 13    XL:     1   Next: 80%
Magic:  1/1        EV: 11    Int: 10    God:
Gold:   6          SH:  4    Dex: 13    Spells: 0/0 levels left

rFire   + . .      SeeInvis .   a - +0 hand axe
rCold   . . .      Faith    .   e - +1 buckler {rN+}
rNeg    + . .      Spirit   .   b - +0 robe
rPois   .          Reflect  .   (no helmet)
rElec   .          Harm     .   (no cloak)
rCorr   .          Rampage  .   (no gloves)
Will    .....                   (no boots)
Stlth   ++........              (no amulet)
HPRegen 0.06/turn               c - ring of protection from fire
MPRegen 0.07/turn               (no ring)

@: no status effects
A: no striking features
a: no special abilities


You were on level 1 of the Dungeon.
You visited 1 branch of the dungeon, and saw 1 of its levels.

You collected 6 gold pieces.

Inventory:

Hand Weapons
 a - a +0 hand axe (weapon)
Armour
 b - a +0 robe (worn)
 e - a +1 buckler of positive energy (worn)
Jewellery
 c - a ring of protection from fire (left hand)
Potions
 d - a potion of lignification {unknown}


   Skills:
 * Level 3.7 Fighting
 * Level 4.2 Axes
 * Level 2.5 Dodging
 * Level 1.6 Stealth
 * Level 0.1 Shields


You couldn't memorise any spells.
You didn't know any spells.
Your spell library was empty.

Dungeon Overview and Level Annotations

Branches:
Dungeon (1/15)

Altars:


Message History

You kill the frilled lizard!
You closely miss the goblin. You closely miss the bat.
The bat hits you but does no damage. The goblin misses you.
The goblin hits you but does no damage.
There is a stone staircase leading down here.
The bat hits you but does no damage. The bat completely misses you.
The rat twitches its whiskers.
You closely miss the goblin. You hit the bat but do no damage.
You block the bat's attack. The goblin hits you but does no damage.
You hit the goblin but do no damage. You hit the bat.
You kill the bat!
The goblin closely misses you.
You miss the goblin. The goblin hits you with a +0 dagger.
The goblin closely misses you.
You closely miss the goblin. You closely miss the rat.
The rat closely misses you. The goblin hits you with a +0 dagger.
You closely miss the goblin. You closely miss the rat.
The rat bites you but does no damage. The goblin closely misses you.
You hit the goblin but do no damage. You hit the rat.
You kill the rat!
The goblin hits you with a +0 dagger.
You hit the goblin.
You kill the goblin!
Things that are here:
a +0 dagger; a goblin corpse
There is a stone staircase leading down here.
The endoplasm quivers.
The endoplasm freezes you.
You are frozen.
The endoplasm hits you but does no damage.
You block the endoplasm's attack. The endoplasm freezes you.
You are frozen.
* * * LOW HITPOINT WARNING * * *
The endoplasm closely misses you. The endoplasm closely misses you.
The endoplasm freezes you.
You are frozen.
You die...

......J# .###
.......##########....
......##..........#
......#..........#
#....#..........+
###########....#..........#
.........##....#.......[..#
...........)...J.>...†....#
.........##....#@....)....#
.........##..>.#..........#
###.#######....#######.####
##.## #....# #.# #...#
#....# ...#
#.#.###############.#.#
#...#.#.#.#.#.#.#.#...#
####...............##.#
#......#..........#


You could see an endoplasm.

Vanquished Creatures
  2 goblins (D:1)
  A ball python (D:1)
  A bat (D:1)
  A frilled lizard (D:1)
  A rat (D:1)
6 creatures vanquished.

Notes
Turn   | Place    | Note
-------+----------+-------------------------------------------
     0 | D:1      | ZenoRockbell the Hill Orc Monk began the quest for the Orb.
     0 | D:1      | Reached XP level 1. HP: 19/19 MP: 1/1
   159 | D:1      | Frozen to death by an endoplasm

Illustrated notes

Levels and vault maps discovered:
D:1:      co_arrival_square_in_a_square_in_a_square, layout_basic

Action                   || total
-------------------------++-------
Melee: Hand axe          ||    12
Armor: Robe              ||     8
Dodge: Dodged            ||     9
Block: Buckler           ||     3

Table legend: (Time is in decaauts)
 A = Elapsed time spent in this place.
 B = Non-inter-level travel time spent in this place.
 C = Inter-level travel time spent in this place.
 D = Time resting spent in this place.
 E = Time spent auto-exploring this place.
 F = Levels seen in this place.
 G = Mean time per level.
                   A        B        C        D        E       F      G
               +--------+--------+--------+--------+--------+-----+--------+
         Total |    160 |    160 |      0 |      0 |     16 |   1 |  160.0 |
       Dungeon |    160 |    160 |      0 |      0 |     16 |   1 |  160.0 |
               +--------+--------+--------+--------+--------+-----+--------+

Top non-repeatable levels by time:
     D:1: 160 daAuts
